[Event "Titled Tuesday Blitz July 6 2021"]
[White "Kamsky, Gata"]
[Black "Dubov, Daniil"]
[WhiteFideId "2000024"]
[BlackFideId "24126055"]
[WhiteElo "2644"]
[BlackElo "2722"]
[Result "1-0"]
[Round "08"]
[TimeControl "180+1"]
[Date "2021.07.06"]
[WhiteClock "0:01:08"]
[BlackClock "0:00:01"]

1. e4 Nf6 2. e5 Nd5 3. d4 d6 4. Nf3 g6 5. Be2 Bg7 6. O-O O-O 7. c3 Nc6 8. exd6 cxd6 9. Re1 e5 10. dxe5 dxe5 11. Bc4 Nb6 12. Qxd8 Rxd8 13. Bb3 Na5 14. Bc2 Nac4 15. Nbd2 Nxd2 16. Nxd2 Be6 17. Ne4 f5 18. Nc5 Bd5 19. Bb3 Rab8 20. Bg5 Re8 21. Red1 Bf7 22. Nd7 Bxb3 23. axb3 Ra8 24. f3 h6 25. Be3 Nc8 26. Nc5 b6 27. Na6 Rf8 28. Rd7 Rf7 29. Rad1 Ne7 30. Nc7 Rc8 31. Nb5 Rcf8 32. Nd6 1-0


[Site "https://www.chess.com"]

[Event "Titled Tuesday Blitz July 6 2021"]
[White "Kiltti, Jyrki"]
[Black "Leenhouts, Koen"]
[WhiteFideId "501204"]
[BlackFideId "1008439"]
[WhiteElo "2245"]
[BlackElo "2409"]
[Result "1-0"]
[Round "08"]
[TimeControl "180+1"]
[Date "2021.07.06"]
[WhiteClock "0:01:26"]
[BlackClock "0:00:19"]

1. Nc3 d5 2. e4 d4 3. Nce2 e5 4. Nf3 f6 5. Ng3 Be6 6. b3 Nc6 7. Bc4 Bxc4 8. bxc4 d3 9. cxd3 Qxd3 10. Qe2 O-O-O 11. Qxd3 Rxd3 12. Ke2 Rd7 13. d3 Bc5 14. Be3 Bxe3 15. fxe3 Nge7 16. Rab1 Rhd8 17. Rhd1 b6 18. Nf5 Nxf5 19. exf5 a5 20. a3 Kb7 21. c5 Rd5 22. cxb6 cxb6 23. e4 Rc5 24. Rdc1 Rxc1 25. Rxc1 Nd4+ 26. Nxd4 Rxd4 27. Ke3 Rd6 28. Rb1 Rc6 29. Kd2 Rc5 30. g4 Kc6 31. h4 h6 32. g5 hxg5 33. hxg5 b5 34. gxf6 gxf6 35. Rg1 b4 36. axb4 axb4 37. Rg6 b3 38. Rxf6+ Kb5 39. Rf8 Kb4 40. Rb8+ Ka3 41. f6 Rc7 42. d4 exd4 43. e5 Rf7 44. Kd3 b2 45. Kxd4 Ka2 46. Kd5 Rd7+ 47. Ke6 Rd8 48. Rxd8 1-0


[Site "https://www.chess.com"]

[Event "Titled Tuesday Blitz July 6 2021"]
[White "Kobo, Ori"]
[Black "Shevelev, Dmitry"]
[WhiteFideId "2812320"]
[BlackFideId "24233463"]
[WhiteElo "2431"]
[BlackElo "2484"]
[Result "1-0"]
[Round "08"]
[TimeControl "180+1"]
[Date "2021.07.06"]
[WhiteClock "0:00:05"]
[BlackClock "0:00:02"]

1. e4 g6 2. d4 Bg7 3. Nc3 c6 4. Nf3 d5 5. Bf4 dxe4 6. Nxe4 Nf6 7. Nxf6+ exf6 8. Qd2 O-O 9. O-O-O a5 10. h4 h5 11. Kb1 Be6 12. c4 Nd7 13. Bd3 Nb6 14. Qc2 a4 15. Rhe1 Re8 16. Be3 Bg4 17. Rc1 Nd7 18. Nd2 Be6 19. Ne4 a3 20. b3 Nb8 21. Nc5 Na6 22. Nxa6 bxa6 23. Be4 Qd7 24. Rcd1 f5 25. Bf3 f4 26. Bxf4 Bf5 27. Be4 Rxe4 28. Rxe4 Re8 29. f3 Rd8 30. d5 cxd5 31. Rxd5 Qc8 32. Qd3 Rf8 33. Rxf5 Qxf5 34. Be3 Qf6 35. Bd4 Qf5 36. Bxg7 Kxg7 37. Qd4+ Kg8 38. Kc2 a5 39. Kc3 a4 40. b4 Qc8 41. b5 Rd8 42. Qe3 Qd7 43. Kb4 Qd6+ 44. c5 Qd1 45. c6 Qb1+ 46. Ka5 Qxa2 47. Re8+ Rxe8 48. Qxe8+ Kg7 49. Qe5+ Kh7 50. c7 Qc2 51. b6 a2 52. b7 Qb2 53. Qxb2 a1=Q 54. Qxa1 a3 55. Qxa3 1-0


[Site "https://www.chess.com"]

[Event "Titled Tuesday Blitz July 6 2021"]
[White "Korchmar, Vasiliy"]
[Black "Cunjalo, Faris"]
[WhiteFideId "24131750"]
[BlackFideId "14410710"]
[WhiteElo "2370"]
[BlackElo "2234"]
[Result "1-0"]
[Round "08"]
[TimeControl "180+1"]
[Date "2021.07.06"]
[WhiteClock "0:02:08"]
[BlackClock "0:01:39"]

1. e4 c6 2. Nc3 d5 3. Nf3 dxe4 4. Nxe4 Nf6 5. Qe2 Bf5 6. Ng3 Bg6 7. b3 e6 8. Bb2 Bd6 9. O-O-O Nbd7 10. h4 h6 11. h5 Bh7 12. Nh4 Qa5 13. Kb1 O-O-O 14. Qf3 Nc5 15. d3 Nd5 16. Qxf7 Nc3+ 17. Bxc3 Qxc3 18. Ne2 Qa5 19. Qxg7 Na6 20. Qb2 Be5 21. d4 c5 22. Ng6 cxd4 23. Nxe5 Qxe5 24. Nxd4 Rhf8 25. Bxa6 bxa6 26. f3 Rf4 27. Nc6 Rxd1+ 28. Rxd1 Qc5 29. Qh8+ Kc7 30. Qxh7+ Kxc6 31. Qd7+ Kb6 32. Qd6+ Qxd6 33. Rxd6+ Kc5 34. Rxe6 Rd4 35. Rxh6 Kb4 36. Kb2 a5 37. c3+ 1-0


[Site "https://www.chess.com"]

[Event "Titled Tuesday Blitz July 6 2021"]
[White "Kotepalli, Sai Nirupama"]
[Black "Gedajlovic, Max"]
[WhiteFideId "5039444"]
[BlackFideId "2616840"]
[WhiteElo "2432"]
[BlackElo "2137"]
[Result "1-0"]
[Round "08"]
[TimeControl "180+1"]
[Date "2021.07.06"]
[WhiteClock "0:00:09"]
[BlackClock "0:00:13"]

1. e4 e6 2. d3 d5 3. Nd2 c5 4. Ngf3 Nc6 5. g3 Bd6 6. Bg2 Nge7 7. O-O O-O 8. Qe2 f6 9. c3 b6 10. exd5 exd5 11. c4 Re8 12. Nh4 Nd4 13. Qd1 Bb7 14. Nb3 dxc4 15. Bxb7 cxb3 16. axb3 a5 17. Bxa8 Qxa8 18. Be3 Nef5 19. Nxf5 Nf3+ 20. Qxf3 Qxf3 21. Nxd6 Rxe3 22. fxe3 Qxe3+ 23. Rf2 Qxd3 24. Nf5 g6 25. Nh6+ Kg7 26. Ng4 f5 27. Ne5 Qxb3 28. Re1 a4 29. Nd7 a3 30. bxa3 c4 31. Re7+ Kh6 32. Nf6 Qxa3 33. Ng8+ Kh5 34. Rf4 h6 35. Nf6+ Kg5 36. Nh7+ Kh5 37. Rh4# 1-0


[Site "https://www.chess.com"]

[Event "Titled Tuesday Blitz July 6 2021"]
[White "Kubatko, Ivan"]
[Black "Pesotskiy, Mikhail"]
[WhiteFideId "24111473"]
[BlackFideId "34164453"]
[WhiteElo "2285"]
[BlackElo "2052"]
[Result "1-0"]
[Round "08"]
[TimeControl "180+1"]
[Date "2021.07.06"]
[WhiteClock "0:00:37"]
[BlackClock "0:01:28"]

1. e4 e6 2. d4 d5 3. exd5 exd5 4. Nf3 Bd6 5. c4 Nf6 6. Nc3 O-O 7. Bd3 dxc4 8. Bxc4 Nbd7 9. O-O Nb6 10. Bb3 Re8 11. Bg5 Be6 12. Bc2 Bg4 13. h3 Bh5 14. Ne4 Be7 15. Ng3 Bg6 16. Bb3 h6 17. Ne5 hxg5 18. Nxg6 Nfd5 19. Nxe7+ Qxe7 20. Nf5 Qf6 21. Qg4 Nf4 22. h4 Ne2+ 23. Kh1 gxh4 24. Rfe1 Nxd4 25. Nxd4 Rxe1+ 26. Rxe1 Qxf2 27. Re7 Rf8 28. Nf5 g6 29. Qxg6+ 1-0


[Site "https://www.chess.com"]

[Event "Titled Tuesday Blitz July 6 2021"]
[White "Lagunow, Raphael"]
[Black "Redzisz, Michal"]
[WhiteFideId "24652644"]
[BlackFideId "21816107"]
[WhiteElo "2400"]
[BlackElo "1866"]
[Result "1-0"]
[Round "08"]
[TimeControl "180+1"]
[Date "2021.07.06"]
[WhiteClock "0:01:01"]
[BlackClock "0:01:28"]

1. e4 c5 2. Nf3 e6 3. d4 cxd4 4. Nxd4 Nc6 5. Nc3 Qc7 6. Qd3 Nxd4 7. Qxd4 b6 8. Nb5 Qc6 9. Bf4 Kd8 10. Bc7+ Ke8 11. Bf4 Kd8 12. Nc7 Rb8 13. Nxe6+ fxe6 14. Bxb8 Qxc2 15. Bd3 Bb4+ 16. Qxb4 Qxd3 17. Qf8# 1-0


[Site "https://www.chess.com"]

[Event "Titled Tuesday Blitz July 6 2021"]
[White "Le, Tuan Minh"]
[Black "Ozen, Bahadir"]
[WhiteFideId "12401153"]
[BlackFideId "6337058"]
[WhiteElo "2450"]
[BlackElo "2503"]
[Result "1-0"]
[Round "08"]
[TimeControl "180+1"]
[Date "2021.07.06"]
[WhiteClock "0:00:04"]
[BlackClock "0:00:04"]

1. d4 Nf6 2. Nf3 e6 3. Bf4 Be7 4. Nbd2 Nh5 5. Bg3 d6 6. e4 b6 7. c3 Bb7 8. Bd3 Nd7 9. O-O g6 10. Re1 Kf8 11. Nf1 Kg7 12. Qd2 Nxg3 13. Nxg3 h5 14. h3 a6 15. Rad1 c5 16. Qe3 Qc7 17. Qf4 h4 18. Nf1 Rh5 19. N1h2 b5 20. Ng4 Rc8 21. e5 Bxf3 22. Qxf3 dxe5 23. dxe5 c4 24. Bc2 Nxe5 25. Qe4 Nxg4 26. Qxg4 Rg5 27. Qf3 Bf6 28. Rd2 Rd8 29. Rde2 Rgd5 30. Qg4 Rg5 31. Qf3 Rgd5 32. Be4 Rg5 33. a3 Rd6 34. Bb1 Qc5 35. Re4 Qd5 36. Qe3 Qc5 37. Qf3 Qd5 38. Bc2 Rh5 39. Qe3 Qc5 40. Qe2 Qd5 41. Rd1 Qc5 42. Rg4 Rxd1+ 43. Qxd1 Rg5 44. Rf4 Rd5 45. Qf3 Qd6 46. Rxf6 Rd2 47. Rxf7+ Kh6 48. Qe4 1-0


[Site "https://www.chess.com"]

[Event "Titled Tuesday Blitz July 6 2021"]
[White "Leitao, Rafael"]
[Black "Koelle, Tobias"]
[WhiteFideId "2101246"]
[BlackFideId "16207378"]
[WhiteElo "2609"]
[BlackElo "2364"]
[Result "1/2-1/2"]
[Round "08"]
[TimeControl "180+1"]
[Date "2021.07.06"]
[WhiteClock "0:00:09"]
[BlackClock "0:00:05"]

1. c4 g6 2. g3 Bg7 3. Bg2 Nc6 4. Nf3 f5 5. d4 Nf6 6. Nc3 O-O 7. d5 Na5 8. Nd2 c5 9. O-O d6 10. Qc2 a6 11. Rb1 Bd7 12. b3 b5 13. Bb2 Rb8 14. Ba1 Qc7 15. e4 f4 16. Ne2 fxg3 17. hxg3 bxc4 18. bxc4 Rxb1 19. Qxb1 g5 20. Bc3 Ng4 21. Bxg7 Kxg7 22. Qb2+ Kg8 23. Qc3 e5 24. dxe6 Bxe6 25. Bh3 Bc8 26. f3 Ne5 27. Bxc8 Rxc8 28. f4 gxf4 29. gxf4 Qg7+ 30. Ng3 Nexc4 31. Qxg7+ Kxg7 32. Nf5+ Kf6 33. Nxc4 Nxc4 34. Rc1 d5 35. exd5 Kxf5 36. Rxc4 h5 37. Kh2 Kg4 38. d6 h4 39. Kg2 Rd8 40. f5+ Kg5 41. Rxc5 Rxd6 42. Ra5 Rd2+ 43. Kh3 Rd3+ 44. Kh2 Kg4 45. f6 Rd2+ 46. Kg1 Rd6 47. f7 Rf6 48. Rxa6 Rxf7 49. Ra4+ Kg3 50. Ra3+ Kg4 51. Ra4+ Kg5 52. Ra5+ Kg6 53. Ra4 Rh7 54. Kh2 Kg5 55. Kh3 Rc7 56. Rg4+ Kf5 57. Kxh4 Rc2 58. a4 Rc1 59. a5 1/2-1/2


[Site "https://www.chess.com"]

[Event "Titled Tuesday Blitz July 6 2021"]
[White "Leve, Nitai"]
[Black "Perez Rodriguez, Luis Manuel"]
[WhiteFideId "2006898"]
[BlackFideId "3503364"]
[WhiteElo "2144"]
[BlackElo "2429"]
[Result "1-0"]
[Round "08"]
[TimeControl "180+1"]
[Date "2021.07.06"]
[WhiteClock "0:00:08"]
[BlackClock "0:00:02"]

1. e4 e5 2. Nf3 Nc6 3. Bb5 a6 4. Ba4 Nf6 5. d4 exd4 6. O-O Be7 7. Re1 b5 8. Bb3 d6 9. Bd5 Nxd5 10. exd5 Ne5 11. Nxd4 O-O 12. a4 b4 13. b3 Bg4 14. f3 Bd7 15. Bb2 c5 16. dxc6 Nxc6 17. Nxc6 Bxc6 18. Nd2 Bh4 19. Re2 Ra7 20. Ne4 f5 21. Qxd6 fxe4 22. Qxc6 exf3 23. gxf3 Raf7 24. Rf1 a5 25. Re4 Bf6 26. Bxf6 Rxf6 27. Re6 Qd4+ 28. Kh1 R6f7 29. Rd6 Qe3 30. Qd5 h6 31. Rd7 Qe2 32. Kg1 Qe3+ 33. Kh1 Qe2 34. Kg1 Qe3+ 35. Kg2 Qe2+ 36. Rf2 Qe3 37. Rxf7 Rxf7 38. Qxa5 Kh7 39. Qd5 Rf6 40. Qd3+ Rg6+ 41. Kf1 Qc1+ 42. Ke2 Qf4 43. Rg2 Qe5+ 44. Kf1 Qa1+ 45. Kf2 1-0


[Site "https://www.chess.com"]

[Event "Titled Tuesday Blitz July 6 2021"]
[White "Levitskiy, Andrey"]
[Black "Arutinian, David"]
[WhiteFideId "14132885"]
[BlackFideId "13601741"]
[WhiteElo "2323"]
[BlackElo "2525"]
[Result "0-1"]
[Round "08"]
[TimeControl "180+1"]
[Date "2021.07.06"]
[WhiteClock "0:00:01"]
[BlackClock "0:00:20"]

1. e4 c6 2. d4 d5 3. Nc3 dxe4 4. Nxe4 Bf5 5. Ng3 Bg6 6. h4 h6 7. Nf3 Nd7 8. h5 Bh7 9. Bd3 Bxd3 10. Qxd3 e6 11. Bd2 Ngf6 12. O-O-O Be7 13. Kb1 Qb6 14. Ne2 Rd8 15. Nf4 O-O 16. Rhg1 Ng4 17. Qe2 Qb5 18. c4 Qf5+ 19. Ka1 Rfe8 20. g3 c5 21. Bc3 Bf6 22. Rge1 a6 23. a3 cxd4 24. Nxd4 Bxd4 25. Bxd4 e5 26. Nd5 exd4 27. Ne7+ Rxe7 28. Qxe7 Rc8 29. f4 Ngf6 30. Rxd4 b5 31. cxb5 axb5 32. Qb4 Qxh5 33. Red1 Qf5 34. Qb3 Nc5 35. Qxb5 Qe6 36. Kb1 Qf5+ 37. Ka1 Qe6 38. Kb1 h5 39. Qb4 Nb3 40. Rd8+ Rxd8 41. Rxd8+ Kh7 42. Rd1 Ne4 43. Qb5 g6 44. Qd3 Nec5 45. Qc2 Qg4 46. f5 gxf5 47. Rd5 Kg6 48. Rd6+ f6 49. Rd5 Qe4 0-1


[Site "https://www.chess.com"]

[Event "Titled Tuesday Blitz July 6 2021"]
[White "Lopez Gracia, Fernando"]
[Black "deribas12345"]
[WhiteFideId "2207184"]
[WhiteElo "2385"]
[BlackElo "2535"]
[Result "1-0"]
[Round "08"]
[TimeControl "180+1"]
[Date "2021.07.06"]
[WhiteClock "0:01:28"]
[BlackClock "0:00:33"]

1. e4 c5 2. c3 e6 3. d4 d5 4. exd5 exd5 5. Nf3 c4 6. g3 Bd6 7. Bg2 Ne7 8. O-O O-O 9. b3 cxb3 10. axb3 Nbc6 11. Ba3 Bg4 12. h3 Bh5 13. Re1 Re8 14. Bxd6 Qxd6 15. Nbd2 h6 16. Nf1 a6 17. Ne3 Rac8 18. Qd2 Bg6 19. Ng4 Be4 20. Nfe5 f5 21. Nxc6 Nxc6 22. Bxe4 dxe4 23. Nh2 Rf8 24. Nf1 Ne5 25. Nh2 Nd3 26. Re3 f4 27. Rxe4 Nxf2 28. Qxf2 fxg3 29. Qe3 gxh2+ 30. Kh1 Qg6 31. c4 Rce8 32. Re1 Rxe4 33. Qxe4 Qxe4+ 34. Rxe4 Rf3 35. b4 Rb3 36. d5 Rxb4 37. d6 Rb1+ 38. Kxh2 Rd1 39. c5 Rd5 40. Re8+ Kh7 41. Rc8 b6 42. cxb6 Rxd6 43. b7 Rd2+ 44. Kg3 1-0


[Site "https://www.chess.com"]

[Event "Titled Tuesday Blitz July 6 2021"]
[White "Lortkipanidze, Nodar"]
[Black "Koellner, Ruben Gideon"]
[WhiteFideId "13604058"]
[BlackFideId "12993093"]
[WhiteElo "2312"]
[BlackElo "2561"]
[Result "1-0"]
[Round "08"]
[TimeControl "180+1"]
[Date "2021.07.06"]
[WhiteClock "0:00:16"]
[BlackClock "0:00:01"]

1. e4 d6 2. d4 Nf6 3. Nc3 e5 4. Nge2 Nc6 5. d5 Ne7 6. f3 g6 7. Bg5 Bg7 8. Qd2 h6 9. Be3 c6 10. dxc6 bxc6 11. O-O-O d5 12. f4 Be6 13. fxe5 Nxe4 14. Nxe4 dxe4 15. Nd4 Bxe5 16. Nxe6 Qxd2+ 17. Bxd2 fxe6 18. g3 Rd8 19. Bg2 Rd4 20. c3 Ra4 21. Rhe1 Rxa2 22. Rxe4 Ra1+ 23. Kc2 Rxd1 24. Kxd1 Bc7 25. Rxe6 Kf7 26. Re1 Rd8 27. Kc2 h5 28. Bg5 Rd7 29. Rf1+ Kg8 30. Rf6 Kg7 31. Bh3 Nf5 32. Rxc6 Bb6 33. Bf4 1-0


[Site "https://www.chess.com"]

[Event "Titled Tuesday Blitz July 6 2021"]
[White "Maghsoodloo, Parham"]
[Black "Onyshchuk, Volodymyr"]
[WhiteFideId "12539929"]
[BlackFideId "14114038"]
[WhiteElo "2601"]
[BlackElo "2603"]
[Result "1-0"]
[Round "08"]
[TimeControl "180+1"]
[Date "2021.07.06"]
[WhiteClock "0:00:43"]
[BlackClock "0:00:04"]

1. e4 d6 2. d4 Nf6 3. Nc3 g6 4. h3 Bg7 5. g4 e5 6. Nge2 exd4 7. Nxd4 Nc6 8. Nde2 h5 9. g5 Nd7 10. f4 Nc5 11. Be3 O-O 12. Bg2 Bd7 13. O-O b5 14. e5 b4 15. Nd5 Na4 16. b3 Nb6 17. Nf6+ Bxf6 18. exf6 Re8 19. Qd2 d5 20. Rae1 Bf5 21. Ng3 Qd7 22. Kh2 Rad8 23. Bc5 Rxe1 24. Rxe1 a5 25. Nxf5 Qxf5 26. h4 d4 27. Bxb6 cxb6 28. Bxc6 d3 29. Be4 Qg4 30. cxd3 Qxh4+ 31. Kg2 Qg4+ 32. Kf2 Qh4+ 33. Ke2 Qg4+ 34. Kf1 h4 35. Rc1 h3 36. Qf2 Re8 37. Qf3 Qh4 38. Kg1 Kh7 39. Kh2 Kg8 40. Rc2 Rd8 41. Qg3 1-0


[Site "https://www.chess.com"]

[Event "Titled Tuesday Blitz July 6 2021"]
[White "Malka, Samuel"]
[Black "Pert, Richard G"]
[WhiteFideId "20643675"]
[BlackFideId "404748"]
[WhiteElo "2463"]
[BlackElo "2441"]
[Result "1-0"]
[Round "08"]
[TimeControl "180+1"]
[Date "2021.07.06"]
[WhiteClock "0:00:08"]
[BlackClock "0:00:21"]

1. d4 d5 2. c4 e6 3. Nf3 Nf6 4. g3 dxc4 5. Bg2 Bb4+ 6. Bd2 c5 7. dxc5 Bxc5 8. Qa4+ Nbd7 9. Qxc4 O-O 10. O-O b5 11. Qxb5 Rb8 12. Qc4 Rxb2 13. Nc3 Rb6 14. Na4 Ba6 15. Qc2 Rc6 16. Nxc5 Rxc5 17. Qb2 Bxe2 18. Rfe1 Bxf3 19. Bxf3 Qb6 20. Qxb6 Nxb6 21. Bb4 Rf5 22. Bxf8 Rxf3 23. Bc5 h5 24. Rab1 Nfd5 25. Rb3 Rf5 26. Bd4 g5 27. Kg2 g4 28. Re5 Rxe5 29. Bxe5 Kh7 30. Bd4 Nc4 31. Bxa7 Kg6 32. Bd4 h4 33. a4 h3+ 34. Kg1 Nd2 35. Rd3 Nf3+ 36. Kh1 Nb4 37. Rd1 Kf5 38. Be3 Nc6 39. Rc1 Nb4 40. a5 Ke4 41. Rc4+ Kd3 42. Rxb4 f5 43. a6 e5 44. a7 f4 45. a8=Q fxe3 46. fxe3 e4 47. Qxe4+ Ke2 48. Rb2+ Nd2 49. Qc4+ Ke1 50. Qc1+ Kf2 51. Qxd2+ Kf3 52. Qe2+ Ke4 53. Rb4+ Ke5 54. Qb5+ Kf6 55. Ra4 Ke7 56. Ra6 Kd8 57. Qb7 Ke8 58. Ra8# 1-0


[Site "https://www.chess.com"]

[Event "Titled Tuesday Blitz July 6 2021"]
[White "Maltsevskaya, Aleksandra"]
[Black "Kukhmazov, Arsen"]
[WhiteFideId "24174041"]
[BlackFideId "24108260"]
[WhiteElo "2225"]
[BlackElo "2453"]
[Result "1/2-1/2"]
[Round "08"]
[TimeControl "180+1"]
[Date "2021.07.06"]
[WhiteClock "0:00:08"]
[BlackClock "0:00:14"]

1. e4 c6 2. Nc3 d5 3. d4 dxe4 4. Nxe4 Bf5 5. Ng3 Bg6 6. Bc4 e6 7. Nf3 Nd7 8. c3 Bd6 9. Qe2 Qc7 10. Ne4 Bf4 11. O-O Ngf6 12. Nxf6+ gxf6 13. Re1 O-O-O 14. b4 Bh5 15. Bxf4 Qxf4 16. Qe3 Qxe3 17. Rxe3 Nb6 18. Bb3 Nd5 19. Bxd5 cxd5 20. Ne1 Kd7 21. Nd3 b6 22. b5 Rc8 23. Nb4 Rc4 24. a4 Rhc8 25. Nc6 a5 26. f4 Bg6 27. Ra2 Bb1 28. Rb2 Be4 29. Ra2 Kd6 30. g3 h5 31. Kf2 f5 32. h4 f6 33. Ke1 Bb1 34. Rb2 Be4 35. Ra2 Rc7 36. Kd2 Rg7 37. Kc1 Rg8 38. Kb2 Rg7 39. Kb3 Rg8 40. Rae2 Rg7 41. Re1 Rg8 42. R1e2 Rg4 43. Re1 Rg7 44. R1e2 Rg8 45. Re1 Rg7 46. R1e2 Rg8 47. Re1 Rg7 1/2-1/2


[Site "https://www.chess.com"]

[Event "Titled Tuesday Blitz July 6 2021"]
[White "Mikhalsky, Vladimir"]
[Black "Mohammad Fahad, Rahman"]
[WhiteFideId "14144352"]
[BlackFideId "10207791"]
[WhiteElo "2280"]
[BlackElo "2323"]
[Result "0-1"]
[Round "08"]
[TimeControl "180+1"]
[Date "2021.07.06"]
[WhiteClock "0:00:52"]
[BlackClock "0:00:34"]

1. e4 e5 2. Nf3 Nc6 3. Bb5 a6 4. Ba4 Nf6 5. d3 b5 6. Bb3 Bc5 7. O-O O-O 8. a4 Rb8 9. axb5 axb5 10. Nc3 d6 11. h3 Be6 12. Nd5 Bxd5 13. Bxd5 Nxd5 14. exd5 Ne7 15. c4 h6 16. Nd2 Qd7 17. Ne4 Bd4 18. Rb1 f5 19. Ng3 f4 20. Ne4 f3 21. g4 h5 22. Kh2 hxg4 23. Rg1 gxh3 24. Rg3 bxc4 25. dxc4 Qf5 26. Qd3 Rb3 27. Qxb3 Qxe4 28. Be3 Qxb1 29. Bxd4 exd4 30. Rxh3 Qe4 31. c5 d3 32. cxd6 cxd6 33. Rg3 Nf5 34. Rh3 d2 0-1


[Site "https://www.chess.com"]

[Event "Titled Tuesday Blitz July 6 2021"]
[White "Mirzoev, Azer"]
[Black "Afanasiev, Nikita"]
[WhiteFideId "13400304"]
[BlackFideId "24183555"]
[WhiteElo "2525"]
[BlackElo "2521"]
[Result "0-1"]
[Round "08"]
[TimeControl "180+1"]
[Date "2021.07.06"]
[WhiteClock "0:00:04"]
[BlackClock "0:01:02"]

1. d4 f5 2. Nf3 g6 3. g3 Bg7 4. Bg2 Nf6 5. O-O O-O 6. b4 b6 7. Bb2 Bb7 8. c4 e6 9. Nc3 Nc6 10. a3 Ne4 11. e3 Ne7 12. Qc2 Nxc3 13. Bxc3 Be4 14. Qb2 Qc8 15. Rfd1 Qb7 16. Ne1 Bxg2 17. Nxg2 Rae8 18. d5 Bxc3 19. Qxc3 exd5 20. cxd5 Nxd5 21. Qb3 c6 22. Nf4 Re5 23. Nxd5 cxd5 24. Rd2 Qc6 25. Rad1 Qc4 26. Qxc4 dxc4 27. Rxd7 Rf7 28. Rd8+ Kg7 29. Rc8 b5 30. h4 h6 31. Kg2 g5 32. hxg5 hxg5 33. Rdd8 f4 34. exf4 gxf4 35. g4 f3+ 36. Kg3 Re1 37. Rg8+ Kf6 38. Kxf3 Ke5+ 39. Kg3 Kd4 40. f4 Re3+ 41. Kh4 Rxf4 42. Rc5 a6 43. Kg5 Ree4 44. Kh5 Kc3 45. Rg6 Kb3 46. Rxa6 c3 47. g5 Rc4 48. Re6 Kxa3 49. Rxc4 Rxc4 50. Re1 c2 51. g6 Kb2 52. g7 c1=Q 53. Rxc1 Rxc1 54. g8=Q Rh1+ 55. Kg6 Rg1+ 56. Kf7 Rxg8 57. Kxg8 Kc3 58. Kf7 Kxb4 0-1


[Site "https://www.chess.com"]

[Event "Titled Tuesday Blitz July 6 2021"]
[White "Molina, Roberto Junio Brito"]
[Black "Spata, German"]
[WhiteFideId "2109450"]
[BlackFideId "113026"]
[WhiteElo "2402"]
[BlackElo "2238"]
[Result "1-0"]
[Round "08"]
[TimeControl "180+1"]
[Date "2021.07.06"]
[WhiteClock "0:00:12"]
[BlackClock "0:00:08"]

1. d4 d5 2. c4 c6 3. Nc3 Nf6 4. Nf3 dxc4 5. a4 e6 6. Ne5 c5 7. Be3 Nd5 8. Nxc4 Nxe3 9. fxe3 Nc6 10. d5 Qh4+ 11. g3 Qxc4 12. dxc6 bxc6 13. Bg2 Bd7 14. O-O Rd8 15. Rc1 Qb4 16. Ne4 Qb8 17. Qc2 Qe5 18. Kh1 Be7 19. Nxc5 O-O 20. Nd3 Qxe3 21. b4 Rb8 22. Rb1 h6 23. Rf4 e5 24. Re4 Qb6 25. Rxe5 Bf6 26. Rc5 Rfe8 27. a5 Qd8 28. Rd1 Qe7 29. e4 Bd4 30. Rc4 Bf6 31. e5 Bxe5 32. Re4 f6 33. Nxe5 fxe5 34. Qc4+ Kh8 35. Rde1 Qd6 36. Qc3 Bf5 37. Rxe5 Rxe5 38. Qxe5 Qxe5 39. Rxe5 Rxb4 40. Rxf5 Rb1+ 41. Rf1 Rb5 42. Rf8+ Kh7 43. Bxc6 Rxa5 44. Be4+ g6 45. Rf7+ Kg8 46. Bxg6 Rg5 47. Rxa7 Rxg6 48. Kg2 Rd6 49. Ra4 Rd2+ 50. Kh3 Kg7 51. Rg4+ Kh7 52. Rf4 Kg6 53. Rf1 h5 54. Rg1 Kg5 55. Rg2 Rd1 56. Re2 Rd4 57. Re5+ Kg6 58. Kg2 Rd2+ 59. Kg1 Rd1+ 60. Kf2 Rd2+ 61. Re2 Rxe2+ 62. Kxe2 Kg5 63. Kf3 Kf5 64. h3 Kg5 65. Ke4 Kg6 66. Kf4 Kf6 67. h4 1-0


[Site "https://www.chess.com"]

[Event "Titled Tuesday Blitz July 6 2021"]
[White "Mons, Leon"]
[Black "Vignesh, N R"]
[WhiteFideId "4614950"]
[BlackFideId "25012215"]
[WhiteElo "2492"]
[BlackElo "2401"]
[Result "0-1"]
[Round "08"]
[TimeControl "180+1"]
[Date "2021.07.06"]
[WhiteClock "0:00:20"]
[BlackClock "0:00:29"]

1. d4 d5 2. c4 c6 3. cxd5 cxd5 4. Nc3 Nc6 5. e4 e5 6. dxe5 d4 7. Nd5 Be6 8. Nf3 Bxd5 9. exd5 Qxd5 10. Bd3 Bb4+ 11. Bd2 Bxd2+ 12. Qxd2 Nge7 13. O-O O-O 14. Rfe1 Rad8 15. e6 h6 16. Rac1 fxe6 17. Bc4 Qh5 18. Rxe6 Kh8 19. Rce1 Ng6 20. Rxg6 Qxg6 21. Bd3 Qf6 22. Qe2 Qf7 23. Qe4 g5 24. Ne5 Nxe5 25. Qxe5+ Qg7 26. Qe4 Rf4 27. Qe6 Rf6 28. Qe4 Rdf8 29. f3 Rf4 30. Qe6 g4 31. fxg4 Rxg4 32. g3 Rgf4 33. Be4 R4f6 34. Qe5 Rf1+ 35. Rxf1 Rxf1+ 36. Kxf1 Qxe5 0-1


[Site "https://www.chess.com"]

[Event "Titled Tuesday Blitz July 6 2021"]
[White "Moon_stone123"]
[Black "Siddharth, Jagadeesh"]
[BlackFideId "5818320"]
[WhiteElo "2414"]
[BlackElo "2127"]
[Result "1-0"]
[Round "08"]
[TimeControl "180+1"]
[Date "2021.07.06"]
[WhiteClock "0:02:21"]
[BlackClock "0:01:29"]

1. Nf3 Nf6 2. g3 c5 3. Bg2 Nc6 4. c4 e5 5. Nc3 d6 6. d3 g6 7. O-O Bg7 8. Bg5 O-O 9. Ne1 h6 10. Bxf6 Bxf6 11. Nc2 Bg7 12. Ne3 f5 13. Ned5 Rb8 14. Rb1 b6 15. b4 Bb7 16. Qa4 Kh8 17. bxc5 dxc5 18. Nxb6 axb6 19. Bxc6 Ra8 20. Qb5 Bxc6 21. Qxc6 Rxa2 22. Nxa2 1-0


[Site "https://www.chess.com"]

[Event "Titled Tuesday Blitz July 6 2021"]
[White "Moroni, Luca Jr"]
[Black "Zhigalko, Sergei"]
[WhiteFideId "865834"]
[BlackFideId "13502956"]
[WhiteElo "2491"]
[BlackElo "2662"]
[Result "0-1"]
[Round "08"]
[TimeControl "180+1"]
[Date "2021.07.06"]
[WhiteClock "0:00:11"]
[BlackClock "0:00:08"]

1. d4 Nf6 2. c4 e6 3. Nc3 Bb4 4. Nf3 b6 5. Qb3 a5 6. a3 a4 7. Qc2 Bxc3+ 8. Qxc3 O-O 9. Bg5 h6 10. Bh4 Bb7 11. e3 g5 12. Bg3 Ne4 13. Qc2 d6 14. Bd3 f5 15. O-O-O Nd7 16. d5 Ndc5 17. Nd4 Qf6 18. Nxe6 Nxe6 19. dxe6 Qxe6 20. Kb1 Nc5 21. f3 Rae8 22. h4 g4 23. Rhf1 gxf3 24. gxf3 Qxe3 25. Bxf5 Bxf3 26. Rde1 Be4 27. Bxe4 Rxf1 28. Bh7+ Kh8 29. Rxf1 Qxg3 30. Bg6 Re1+ 31. Rxe1 Qxe1+ 32. Ka2 Nb3 33. Qb1 Nc1+ 34. Ka1 Nb3+ 35. Ka2 Qxb1+ 36. Kxb1 Nd2+ 37. Kc2 Nxc4 38. Kc3 Ne5 39. Be4 c6 40. Kb4 b5 41. Bxc6 Nxc6+ 42. Kxb5 d5 43. Kxa4 Kg7 44. b4 d4 45. Kb3 Ne5 46. b5 Kf6 47. b6 Kf5 48. a4 Nc6 49. Kc4 Ke4 50. Kb5 Nb8 51. a5 d3 52. a6 Nxa6 53. Kxa6 d2 54. b7 d1=Q 55. b8=Q Qa1+ 56. Kb7 Qb2+ 57. Kc8 Qxb8+ 58. Kxb8 Kf5 59. Kc7 Kg4 60. Kd6 Kxh4 61. Ke5 Kg4 62. Ke4 h5 63. Ke3 Kg3 64. Ke2 Kg2 0-1


[Site "https://www.chess.com"]